 Dungeon Sprint DCSS version 0.28-a0-97-g102d6777a4 (webtiles) character file.

Game seed: 4519359272691863004

4127 MikeHunt the Destroyer (level 10, -6/84 HPs)
             Began as a White Draconian Fire Elementalist on Aug 10, 2021.
             Was a High Priest of Vehumet.
             Mangled by a ghost moth (8 damage)
             ... called by a spriggan druid
             ... in the Dungeon (Sprint IV: "Fedhas' Mad Dash").
             The game lasted 00:17:46 (3303 turns).

MikeHunt the Destroyer (DrFE)                       Turns: 3303, Time: 00:17:47

Health: -6/84      AC:  7    Str: 10 (11) XL:     10   Next: 6%
Magic:  2/21       EV: 16    Int: 23 (24) God:    Vehumet [*****.]
Gold:   1          SH:  5    Dex: 13 (14) Spells: 2/24 levels left

rFire   . . .      SeeInvis .   n - +5 scimitar of Valiance {vamp, Int+5}
rCold   + . .      Faith    .   k - +0 buckler
rNeg    + . .      Spirit   .   (armour unavailable)
rPois   .          Reflect  .   (helmet restricted)
rElec   .          Harm     .   (no cloak)
rCorr   .          Rampage  .   (no gloves)
Will    .....      NoTele   +   (no boots)
Stlth   ++........              h - amulet of invisibility {+Inv}
HPRegen 0.24/turn               f - ring "Lageh" {rN+ Dex+3}
MPRegen 0.17/turn               (no ring)

@: lethally poisoned (-6 -> -46), short of breath
A: breathe frost, AC +7, unfitting armour, cold resistance 1, cold-blooded
a: Breathe Frost, Renounce Religion, Evoke Invisibility


You were in the Dungeon.
You worshipped Vehumet.
Vehumet was extremely pleased with you.
You visited 1 branch You collected 157 gold pieces.
You spent 156 gold pieces at shops.

Inventory:

Hand Weapons
 j - a +0 rapier
 n - the +5 scimitar of Valiance (weapon) {vamp, Int+5}
   (You found it in the Dungeon)

   It occasionally heals its wielder for a portion of the damage dealt when it
   wounds a living foe.
   Int:       It affects your intelligence (+5).
 o - a +5 rapier of protection
Armour
 k - a +0 buckler (worn)
Jewellery
 f - the ring "Lageh" (left hand) {rN+ Dex+3}
   (You bought it in a shop in the Dungeon)

   [ring of positive energy]

   Dex:       It affects your dexterity (+3).
   rN:        It protects you from negative energy.
 h - the amulet of invisibility (around neck) {+Inv}
   (You found it in the Dungeon)

   [amulet of nothing]

   +Inv:      It lets you turn invisible.
Scrolls
 e - a scroll of fear {unknown}
 g - 2 scrolls of enchant weapon {unknown}
Potions
 a - a potion of curing
 b - a potion of heal wounds
 c - a potion of haste
 d - a potion of magic
 i - a potion of lignification {unknown}
 m - a potion of brilliance {unknown}
Miscellaneous
 l - a box of beasts


   Skills:
 - Level 6.6 Fighting
 - Level 8.8 Long Blades
 - Level 9.1 Dodging
 - Level 1.7 Stealth
 - Level 5.0 Shields
 + Level 7.9 Spellcasting
 + Level 10.2 Conjurations
 + Level 10.1 Fire Magic
 - Level 6.5 Ice Magic


You had 2 spell levels left.
You knew the following spells:

 Your Spells              Type           Power      Damage    Failure   Level
a - Frozen Ramparts       Ice            78%        1d9       1%          3
d - Sticky Flame          Conj/Fire      54%        2d7       1%          4
e - Foxfire               Conj/Fire      100%       2x1d9     1%          1
g - Fireball              Conj/Fire      27%        3d12      1%          5
r - Conjure Flame         Conj/Fire      54%        6-21      1%          3
t - Starburst             Conj/Fire      27%        8x6d9     4%          6

Your spell library contained the following spells:

 Spells                   Type           Power      Damage    Failure   Level
 Inner Flame              Hex/Fire       32%        N/A       1%          3


Dungeon Overview and Level Annotations

Branches:
Dungeon (1/1)

Altars:
Cheibriados
Dithmenos
Elyvilon
Gozag
Hepliaklqana
Kikubaaqudgha
Makhleb
Nemelex Xobeh
Okawaru
Qazlal
Ru
Sif Muna
Trog
Uskayaw
Vehumet
Wu Jian
Xom
Yredelemnul
Zin
The Shining One
Beogh
Jiyva
Lugonu

Shops:
D *!(*


Innate Abilities, Weirdness & Mutations

You can breathe waves of freezing cold which knock back foes.
Your icy white scales are hard. (AC +7)
You cannot fit into any form of body armour.
Your flesh is cold resistant. (rC+)
You are cold-blooded and may be slowed by cold attacks.


Message History

You barely miss something.
You feel you are being watched by something.
Something hits you! x2; Something barely misses you.
Unknown command.
You are too injured to fight recklessly!
Magic courses through your body.
You feel you are being watched by something.
You feel your power leaking away. Something hits you!
You feel clumsy. Something hits you.
You feel dopey. Something stings you!
* * * LOW HITPOINT WARNING * * *
You are lethally poisoned!
Something poisons you!
Casting: Fireball (dangerous; 1% risk of failure)
Confirm with . or Enter, or press ? or * to list all spells.
You can't see any susceptible monsters within range! (Use Z to cast anyway.)
Casting: Fireball (dangerous; 1% risk of failure)
Confirm with . or Enter, or press ? or * to list all spells.
Aiming: Sticky Flame (safe; 1% risk of failure)
Press: ? - help, Shift-Dir - straight line The sticky flame hits something.
The ghost moth is covered in liquid flames!
A ghost moth comes into view.
* * * LOW HITPOINT WARNING * * *
You feel extremely sick.
The ghost moth burns!
The ghost moth stares at you.
You feel your power leaking away. The ghost moth completely misses you.
You riposte.
You hit the ghost moth but do no damage.
You tail-slap the ghost moth, but do no damage.
The ghost moth is lightly wounded.
The ghost moth hits you!
* * * LOW HITPOINT WARNING * * *
You feel weakened. The ghost moth stings you!
You die...

#<..P#.....#.....#.⌠._._
#PP..'.....+.#.).'.._._.
#PPPP#.....#.#...#..._._
###############'##.._._.
#...♣........'...#._._._
#......♣.....#...#######
#.....♣..♣..######...♣♣.
##'####'######.)+......♣
#..#...@y.......#...♣♣♣.
#..#..###.......#.♣♣.?♣
####### ########### ###


You could see a ghost moth (invisible, burning).

Vanquished Creatures
  A spriggan druid (D)
  2 oklob plants (D)
  A moth of wrath (D)
  3 burning bushes (D)
  3 wandering mushrooms (D)
  2 queen bees (D)
  A hornet (D)
  3 scorpions (D)
  4 killer bees (D)
  5 oklob saplings (D)
  2 spriggans (D)
  A river rat (D)
  A rat (D)
29 creatures vanquished.

Vanquished Creatures (others)
  118 foxfires (D)
118 creatures vanquished.

Grand Total: 147 creatures vanquished

Notes
Turn   | Place    | Note
-------+----------+-------------------------------------------
     0 | D        | MikeHunt the Draconian Fire Elementalist began the quest
                  | for the Orb.
     0 | D        | Reached XP level 1. HP: 14/14 MP: 3/3
    15 | D        | Reached XP level 2. HP: 20/20 MP: 0/5
   114 | D        | Noticed an oklob sapling
   122 | D        | HP: 1/20 [acid (7)]
   435 | D        | Killed an oklob sapling
   436 | D        | Reached skill level 5 in Fire Magic
   436 | D        | Reached XP level 3. HP: 26/26 MP: 3/7
   476 | D        | Learned a level 3 spell: Conjure Flame
   478 | D        | Noticed a scorpion
   479 | D        | Found the amulet of invisibility {+Inv}
   490 | D        | Killed a scorpion
   491 | D        | Reached skill level 5 in Conjurations
   491 | D        | Reached XP level 4. HP: 20/33 MP: 3/10
   615 | D        | Found an opulent altar of Gozag.
   615 | D        | Found a hazy altar of Hepliaklqana.
   615 | D        | Found a burning altar of Makhleb.
   615 | D        | Found a sparkling altar of Nemelex Xobeh.
   615 | D        | Found a snail-covered altar of Cheibriados.
   615 | D        | Found a sacrificial altar of Ru.
   615 | D        | Found a shimmering blue altar of Sif Muna.
   615 | D        | Found a shimmering altar of Xom.
   615 | D        | Found a basalt altar of Yredelemnul.
   616 | D        | Found a viscous altar of Jiyva.
   616 | D        | Found a bloodstained altar of Trog.
   616 | D        | Found an ornate altar of the Wu Jian Council.
   617 | D        | Found an iron altar of Okawaru.
   617 | D        | Found a glowing silver altar of Zin.
   617 | D        | Found a shadowy altar of Dithmenos.
   622 | D        | Found an ancient bone altar of Kikubaaqudgha.
   622 | D        | Found a hide-covered altar of Uskayaw.
   712 | D        | Reached XP level 5. HP: 15/38 MP: 2/11
   783 | D        | Found a stormy altar of Qazlal.
   783 | D        | Found a glowing golden altar of the Shining One.
   783 | D        | Found a white marble altar of Elyvilon.
   784 | D        | Found a radiant altar of Vehumet.
   784 | D        | Found a corrupted altar of Lugonu.
   792 | D        | Became a worshipper of Vehumet
   908 | D        | Learned a level 4 spell: Sticky Flame
   997 | D        | Reached skill level 5 in Spellcasting
  1045 | D        | Learned a level 5 spell: Fireball
  1212 | D        | Reached * piety under Vehumet
  1212 | D        | Offered knowledge of Sandblast by Vehumet.
  1221 | D        | Reached XP level 6. HP: 25/45 MP: 3/14
  1353 | D        | Found Jassexuck's Distillery.
  1354 | D        | Found Qaiviwn's Assorted Antiques.
  1361 | D        | Noticed a burning bush
  1361 | D        | Noticed a wandering mushroom
  1433 | D        | Noticed a wandering mushroom
  1435 | D        | Reached ** piety under Vehumet
  1446 | D        | Killed a wandering mushroom
  1446 | D        | Offered knowledge of Shock by Vehumet.
  1447 | D        | Reached skill level 5 in Shields
  1447 | D        | Your scales start taking on an icy white colour.
  1447 | D        | Reached XP level 7. HP: 58/59 MP: 4/15
  1447 | D        | Gained mutation: Your flesh is cold resistant. (rC+) [White
                  | Draconian growth]
  1468 | D        | Killed a wandering mushroom
  2024 | D        | Killed a burning bush
  2024 | D        | Offered knowledge of Ignite Poison by Vehumet.
  2025 | D        | Reached XP level 8. HP: 45/71 MP: 15/17
  2151 | D        | Found Xogec's Assorted Antiques.
  2151 | D        | Found Juryoph's Weapon Shoppe.
  2166 | D        | Bought a scroll labelled BOEVUR NOIROMM for 26 gold pieces
  2214 | D        | Noticed a queen bee
  2219 | D        | Reached *** piety under Vehumet
  2221 | D        | Killed a queen bee
  2221 | D        | Offered knowledge of Frozen Ramparts by Vehumet.
  2226 | D        | Learned a level 3 spell: Frozen Ramparts
  2299 | D        | Noticed an oklob plant
  2307 | D        | Killed an oklob plant
  2308 | D        | Reached skill level 5 in Ice Magic
  2386 | D        | Noticed a burning bush
  2393 | D        | Identified the +5 scimitar of Valiance {vamp, Int+5}
  2399 | D        | Killed a burning bush
  2399 | D        | Reached **** piety under Vehumet
  2400 | D        | Reached XP level 9. HP: 42/78 MP: 19/19
  2556 | D        | Noticed a burning bush
  2556 | D        | Noticed an oklob plant
  2618 | D        | Noticed a wandering mushroom
  2624 | D        | Killed a burning bush
  2624 | D        | Offered knowledge of Yara's Violent Unravelling by Vehumet.
  2738 | D        | Killed a wandering mushroom
  2742 | D        | Killed an oklob plant
  2860 | D        | Noticed a spriggan druid
  2872 | D        | Killed a spriggan druid
  2872 | D        | Reached ***** piety under Vehumet
  2880 | D        | Noticed a moth of wrath
  3044 | D        | Noticed a queen bee
  3066 | D        | Killed a queen bee
  3066 | D        | Offered knowledge of Starburst by Vehumet.
  3074 | D        | Learned a level 6 spell: Starburst
  3099 | D        | Killed a moth of wrath
  3100 | D        | Reached skill level 10 in Conjurations
  3100 | D        | Reached skill level 10 in Fire Magic
  3100 | D        | Reached XP level 10. HP: 59/84 MP: 19/21
  3255 | D        | Bought a transparent platinum ring for 130 gold pieces
  3255 | D        | Identified the ring "Lageh" {rN+ Dex+3} (You bought it in a
                  | shop in the Dungeon)
  3303 | D        | Noticed a ghost moth
  3303 | D        | HP: 2/84 [ghost moth[a spriggan druid] (10)]
  3303 | D        | Mangled by a ghost moth

Illustrated notes

Levels and vault maps discovered:
D:        dungeon_sprint_fedhas [sprint_temple]

Skill      XL: |  1  2  3  4  5  6  7  8  9 |
---------------+----------------------------+-----
Conjurations   | 2 4 5 6 8 9 10 | 10.2
Fire Magic     | 5 6 7 8 7 9 10 | 10.1
Spellcasting   | 3 4 5 6 7 |  7.9
Shields        | 5 |  5.0
Fighting       | 4 6 |  6.6
Dodging        | 4 6 9 |  9.1
Ice Magic      | 6 |  6.5
Long Blades    | 8 |  8.8
Stealth        | |  1.7

Action                   |  1- 3 |  4- 6 |  7- 9 | 10-12 || total
-------------------------+-------+-------+-------+-------++-------
Melee: Unarmed           |     5 |       |       |       ||     5
       Rapier            |       |       |    10 |       ||    10
       Tailslap          |       |       |     6 |     1 ||     7
       Scimitar          |       |       |    25 |     2 ||    27
 Cast: Foxfire           |    12 |    30 |    25 |       ||    67
       Sticky Flame      |       |     3 |     3 |     1 ||     7
       Fireball          |       |     2 |    15 |     2 ||    19
       Conjure Flame     |       |       |     2 |       ||     2
       Frozen Ramparts   |       |       |     6 |       ||     6
 Abil: Evoke Invisibilit |       |     4 |     4 |       ||     8
       Breathe Frost     |       |       |     9 |     1 ||    10
  Use: Potion            |     1 |       |       |     1 ||     2
       Scroll            |       |       |     1 |       ||     1
 Stab: Invisible         |       |       |     1 |       ||     1
Armor: Skin              |     3 |       |     5 |       ||     8
Dodge: Dodged            |     6 |     5 |    13 |     2 ||    26
Block: Buckler           |       |       |     8 |       ||     8
       Rpst.: Scimitar   |       |       |       |     1 ||     1

Table legend: (Time is in decaauts)
 A = Elapsed time spent in this place.
 B = Non-inter-level travel time spent in this place.
 C = Inter-level travel time spent in this place.
 D = Time resting spent in this place.
 E = Time spent auto-exploring this place.
 F = Levels seen in this place.
 G = Mean time per level.
                   A        B        C        D        E       F      G
               +--------+--------+--------+--------+--------+-----+--------+
         Total |   3310 |   3250 |     60 |   2365 |      0 |   1 | 3310.0 |
       Dungeon |   3310 |   3250 |     60 |   2365 |      0 |   1 | 3310.0 |
               +--------+--------+--------+--------+--------+-----+--------+

Top non-repeatable levels by time:
       D: 3310 daAuts
